 Dungeon Crawl Stone Soup version 0.16.2-12-gd0ad4c3 (webtiles) character file.

5079 Goblin1989 the Jinx (level 10, -1/44 HPs)
             Began as a Spriggan Enchanter on Nov 23, 2016.
             Was an Elder of Sif Muna.
             Slain by a six-headed hydra (5 damage)
             ... on level 9 of the Dungeon on Jan 4, 2017.
             The game lasted 00:55:47 (10227 turns).

Goblin1989 the Jinx (Spriggan Enchanter)           Turns: 10227, Time: 00:55:47

Health: -1/44      AC:  7    Str:  7    XL:     10   Next: 31%
Magic:  21/30      EV: 25    Int: 25    God:    Sif Muna [****..]
Gold:   54         SH:  0    Dex: 17    Spells: 3 memorised, 20 levels left

rFire  . . .     SeeInvis +     M - +5 dagger of a volcano {pierce, Str+3 Stlth+}
rCold  . . .     Clarity  .     p - +1 robe
rNeg   . . .     SustAb   .     (shield restricted)
rPois  .         Gourm    .     (helmet restricted)
rElec  .         Spirit   .     w - +0 cloak
rCorr  .         Warding  .     (gloves unavailable)
rMut   .         Stasis   .     (boots unavailable)
MR     +....                    (no amulet)
Stlth  +++++.....               u - +3 ring of protection (curse)
                                m - +5 ring of intelligence

@: very quick, somewhat resistant to hostile enchantments, quite stealthy
A: unfitting armour, see invisible, herbivore 3, speed 3, slow metabolism 2
a: Channel Energy, Forget Spell, Renounce Religion


You were on level 9 of the Dungeon.
You worshipped Sif Muna.
Sif Muna was greatly pleased with you.
You were very full.

You visited 1 branch of the dungeon, and saw 9 of its levels.

You collected 344 gold pieces.
You spent 290 gold pieces at shops.

Inventory:

Hand weapons
 a - a +2 dagger of venom
 b - a +0 dagger of speed
 M - the +5 dagger of a volcano (weapon) {pierce, Str+3 Stlth+}
   (You found it on level 8 of the Dungeon)

   It inflicts extra damage upon your enemies.
   It affects your strength (+3).
   It makes you more stealthy.
Missiles
 n - 6 needles of confusion
 Z - 3 throwing nets {=f, !d}
Armour
 p - a +1 robe (worn)
 t - a +0 buckler
 w - a +0 cloak (worn)
Magical staves
 y - a staff of wizardry {!a}
Jewellery
 m - a +5 ring of intelligence (left hand)
 u - a cursed +3 ring of protection (right hand)
Magical devices
 B - a wand of polymorph (19)
 C - a wand of confusion (14)
 G - a wand of fireball (1)
 J - a wand of lightning (9)
 K - a wand of disintegration (14)
 L - a wand of lightning (5)
Scrolls
 g - 7 scrolls of remove curse {@r2}
 i - a scroll of random uselessness {unknown}
 k - 2 scrolls of amnesia {unknown}
 l - 3 scrolls of enchant weapon {unknown}
 q - a scroll of recharging {unknown}
 r - 2 scrolls of fear {unknown}
 s - 2 scrolls of enchant armour
 A - a scroll of magic mapping {unknown}
 E - a scroll of blinking {unknown}
 T - 2 scrolls of teleportation {!r, @r4}
Potions
 e - 2 potions of resistance
 f - 2 potions of curing {@q1}
 h - 4 potions of brilliance
 j - 3 potions of restore abilities
 o - a potion of magic
 v - 2 potions of invisibility
 z - a potion of heal wounds {!q, @q2}
 D - a potion of flight
 I - 2 potions of ambrosia {!q}
 N - a potion of cure mutation {!q}
Books
 c - a book of Maledictions

   Spells                             Type                      Level
   a - Corona                         Hexes                        1
   b - Sure Blade                     Hexes/Charms                 2
   c - Ensorcelled Hibernation        Hexes/Ice                    2
   d - Confuse                        Hexes                        3
   e - Dazzling Spray                 Conjuration/Hexes            3
   f - Enslavement                    Hexes                        4
 x - a book of Ice

   Spells                             Type                      Level
   a - Ice Form                       Ice/Transmutation            4
   b - Metabolic Englaciation         Hexes/Ice                    5
   c - Ozocubu's Refrigeration        Ice                          6
   d - Bolt of Cold                   Conjuration/Ice              6
   e - Freezing Cloud                 Conjuration/Ice/Air          6
   f - Simulacrum                     Ice/Necromancy               6
 H - a book of the Sky

   Spells                             Type                      Level
   a - Flight                         Charms/Air                   3
   b - Airstrike                      Air                          4
   c - Silence                        Hexes/Air                    5
   d - Deflect Missiles               Charms/Air                   6
   e - Conjure Ball Lightning         Conjuration/Air              6
   f - Tornado                        Air                          9
Comestibles
 d - 4 bread rations {@e1}
 F - 4 fruits


   Skills:
 + Level 6.7 Short Blades
 + Level 9.6 Dodging
 - Level 6.0 Stealth
 + Level 9.1 Spellcasting
 * Level 12.0 Hexes


You had 20 spell levels left.
You knew the following spells:

 Your Spells              Type           Power        Failure   Level  Hunger
a - Corona                Hex            ######.      1%          1    None
q - Dazzling Spray        Conj/Hex       #####...     1%          3    None
x - Confuse               Hex            ######..     1%          3    None


Dungeon Overview and Level Annotations

Branches:
Dungeon (9/15)             Temple (0/1) D:7
   Lair: D:8-11         Orc: D:9-12

Altars:
Cheibriados
Fedhas
Kikubaaqudgha
Nemelex Xobeh
Okawaru
Ru
Sif Muna
Yredelemnul
The Shining One

Shops:
D:5 !   D:7 *!(

Annotations:
D:3 exclusion: downstairs
D:4 exclusion: 3 slaves, Pikel
D:7 exclusion: Dowan, Dowan


Innate Abilities, Weirdness & Mutations

You are tiny and cannot use many weapons and most armour.
You have supernaturally acute eyesight.
You are a herbivore.
You cover ground extremely quickly.
You need consume almost no food.


Message History

You hit the six-headed hydra.
The six-headed hydra is severely wounded.
You puncture the six-headed hydra!
The six-headed hydra is severely wounded.
You hit the six-headed hydra.
The six-headed hydra is almost dead.
You hit the six-headed hydra.
The six-headed hydra is almost dead.
You hit the six-headed hydra.
The six-headed hydra is almost dead.
You hit the six-headed hydra.
The six-headed hydra is almost dead.
The six-headed hydra bites you!
* * * LOW HITPOINT WARNING * * *
The six-headed hydra bites you.
* * * LOW HITPOINT WARNING * * *
The six-headed hydra completely misses you.
The six-headed hydra misses you. x2
The six-headed hydra bites you.
You die... █████

█...██████ █......█ █
█......█ █
███.█....@D█
≈.██.███.█.█.██████
.......[...█ ██ ≈
█.███.███.██.█████
.≈██................█
.........██.<██†██.██
.≈.....████..█ .██.█
.......∆.██..█ .██.█
.≈.....█.██..██.██.█


You could see a six-headed hydra (confused).

Vanquished Creatures
  Erolcha (D:8)
  Maurice (D:8)
  A wyvern (D:9)
  A water moccasin (D:6)
  A hippogriff (D:6)
  Edmund (D:7)
  Menkaure (D:7)
  A sky beast (D:7)
  A black bear (D:8)
  2 orc warriors (D:7)
  2 ice beasts
  3 phantoms
  4 ogres
  4 centaurs
  5 giant frogs
  4 scorpions
  3 wights (D:6)
  4 crimson imps
  A giant frog zombie (D:8)
  3 goliath beetles
  6 iguanas
  2 jellies
  2 giant frog skeletons
  A gnoll shaman (D:8)
  5 hounds
  4 orc priests
  8 orc wizards
  4 worker ants
  Natasha (twice) (D:4)
  A hound skeleton (D:7)
  11 adders
  A giant mite (D:5)
  5 gnolls
  2 shadow imps
  2 worms
  2 adder skeletons
  5 giant geckos
  An ooze (D:1)
  25 orcs
  4 ball pythons
  20 bats
  2 bat skeletons
  7 giant cockroaches
  16 goblins
  13 hobgoblins
  11 jackals
  12 kobolds
  6 quokkas
  4 giant newts
  A giant spore (D:7)
  15 rats
  3 ballistomycetes (D:7)
247 creatures vanquished.

Vanquished Creatures (collateral kills)
  A goblin (D:8)
1 creature vanquished.

Grand Total: 248 creatures vanquished

Notes
Turn   | Place    | Note
--------------------------------------------------------------
     0 | D:1      | Goblin1989, the Spriggan Enchanter, began the quest for the Orb.
     0 | D:1      | Reached XP level 1. HP: 9/9 MP: 4/4
   209 | D:1      | You fall through a shaft!
   353 | D:2      | Reached XP level 2. HP: 13/13 MP: 5/7
   383 | D:2      | Reached skill level 5 in Stealth
   963 | D:1      | Reached XP level 3. HP: 8/16 MP: 7/9
   968 | D:1      | Learned a level 3 spell: Confuse
  1684 | D:2      | Found a deep blue altar of Sif Muna.
  1706 | D:2      | Became a worshipper of Sif Muna the Loreminder
  1746 | D:2      | Learned a level 3 spell: Dazzling Spray
  1948 | D:2      | Sapher: захотел показать как на самом деле надо играть сприганом? ^_^
  1989 | D:2      | Goblin1989: не
  1989 | D:2      | Goblin1989: захотел проверить восьмерку транслоков
  1989 | D:2      | Goblin1989: синнгулярити вроде же?
  2001 | D:2      | Goblin1989: мастер спригганов у нас вроде как ермак
  2106 | D:2      | Reached XP level 4. HP: 19/21 MP: 5/13
  2195 | D:2      | Sapher: да он вроде за всех умеет
  2208 | D:2      | Goblin1989: ну он мастер спригганов и формицидов больше
  2208 | D:2      | Goblin1989: и за котов поиграть любитель, судя по винрейту
  2476 | D:3      | Reached skill level 5 in Hexes
  2732 | D:3      | Reached XP level 5. HP: 21/24 MP: 4/17
  3265 | D:4      | Noticed a slave
  3265 | D:4      | Noticed a slave
  3326 | D:4      | Noticed Natasha
  3339 | D:4      | Killed Natasha
  3419 | D:4      | Noticed Natasha
  3431 | D:4      | Killed Natasha
  3989 | D:4      | Reached skill level 6 in Hexes
  3989 | D:4      | Reached XP level 6. HP: 28/28 MP: 20/20
  4154 | D:4      | Reached skill level 5 in Spellcasting
  4226 | D:4      | Noticed Pikel
  4243 | D:4      | Noticed a slave
  4255 | D:5      | Entered Level 5 of the Dungeon
  4492 | D:5      | Goblin1989: ololo!!!!
  4492 | D:5      | Goblin1989: +5 ring of intelligence
  4492 | D:5      | Goblin1989: +3 ring of protection
  4492 | D:5      | Sapher: ну инт нафик не надо щас
  4492 | D:5      | Goblin1989: а спеллхангер как же?
  4492 | D:5      | Goblin1989: интеллект нужен
  4492 | D:5      | Sapher: качать спеллкастинг
  4492 | D:5      | Goblin1989: ну я фокус с него сниму
  4492 | D:5      | Goblin1989: хотя хз на самом деле
  4492 | D:5      | Goblin1989: мне бы скорее получить какое-нибудь говно от сиф муны
  4492 | D:5      | Goblin1989: а он вроде как дает паети при изучении магии
  4492 | D:5      | Sapher: ща еще и убийства добавили
  4492 | D:5      | Goblin1989: ctr? yf dbrb c[j;e
  4492 | D:5      | Goblin1989: сек, на вики схожу
  4656 | D:5      | Acquired Sif Muna's first power
  4656 | D:5      | Reached XP level 7. HP: 32/32 MP: 17/23
  4734 | D:5      | Reached skill level 7 in Hexes
  5030 | D:5      | Reached skill level 5 in Dodging
  5335 | D:5      | Found Vaneipt's Distillery.
  5340 | D:5      | Bought a potion of heal wounds for 70 gold pieces
  5340 | D:5      | Bought a potion of restore abilities for 70 gold pieces
  5340 | D:5      | Bought a potion of brilliance for 56 gold pieces
  6065 | D:6      | Reached skill level 8 in Hexes
  6065 | D:6      | Reached XP level 8. HP: 36/36 MP: 14/25
  6450 | D:6      | Acquired Sif Muna's second power
  6639 | D:6      | Reached skill level 9 in Hexes
  7171 | D:7      | Found Isurcholu's Assorted Antiques.
  7171 | D:7      | Noticed Edmund
  7200 | D:7      | Killed Edmund
  7200 | D:7      | Reached XP level 9. HP: 39/39 MP: 28/28
  7207 | D:7      | Bought a scroll labeled XOTEBIOKOB for 28 gold pieces
  7207 | D:7      | Bought a scroll labeled XOTEBIOKOB for 28 gold pieces
  7207 | D:7      | Bought a lumpy white potion for 25 gold pieces
  7332 | D:7      | Noticed Menkaure
  7575 | D:7      | Killed Menkaure
  7575 | D:7      | Reached skill level 10 in Hexes
  7596 | D:7      | Found Liexaope's Distillery.
  7628 | D:7      | Found a staircase to the Ecumenical Temple.
  7840 | D:7      | Bought a potion of degeneration for 13 gold pieces
  7905 | D:7      | Found Uhungef's Antique Weapon Shop.
  8172 | D:7      | Noticed Dowan
  8348 | D:7      | Reached skill level 5 in Short Blades
  8776 | D:8      | Found a sacrificial altar of Ru.
  8778 | D:8      | Noticed Erolcha
  8801 | D:8      | Killed Erolcha
  8801 | D:8      | Reached skill level 11 in Hexes
  8976 | D:8      | Reached XP level 10. HP: 22/44 MP: 25/30
  9224 | D:8      | Found an iron altar of Okawaru.
  9231 | D:8      | Found a glowing golden altar of the Shining One.
  9231 | D:8      | Found an ancient bone altar of Kikubaaqudgha.
  9231 | D:8      | Found a snail-covered altar of Cheibriados.
  9232 | D:8      | Found a basalt altar of Yredelemnul.
  9232 | D:8      | Found a sparkling altar of Nemelex Xobeh.
  9232 | D:8      | Found a blossoming altar of Fedhas.
  9418 | D:8      | Acquired Sif Muna's third power
  9572 | D:8      | Got a brightly glowing dagger
  9573 | D:8      | Identified the +5 dagger of a volcano {pierce, Str+3 Stlth+} (You found it on level 8 of the Dungeon)
  9615 | D:8      | Noticed Maurice
  9649 | D:8      | Killed Maurice
 10182 | D:9      | Reached skill level 12 in Hexes
 10192 | D:9      | Noticed a six-headed hydra
 10227 | D:9      | Slain by a six-headed hydra

Action                   |  1- 3 |  4- 6 |  7- 9 | 10-12 || total
-------------------------+-------+-------+-------+-------++-------
Melee: Dagger            |   151 |   160 |   422 |   150 ||   883
 Cast: Corona            |     7 |       |       |       ||     7
       Confuse           |     5 |    17 |    61 |    18 ||   101
  Use: Scroll            |       |       |     9 |     2 ||    11
 Stab: Sleeping          |    14 |    12 |    20 |     5 ||    51
       Confused          |     1 |     8 |    30 |    11 ||    50
       Distracted        |       |     1 |       |       ||     1
       Paralysed         |       |       |       |     1 ||     1
  Eat: Fruit             |       |     8 |       |     9 ||    17

Vault maps used:
D:1:      dpeg_arrival_shrine
D:2:      wad_river_or_something, old_standard_altar
D:3:      first_bread
D:4:      uniq_pikel, uniq_natasha
D:5:      serial_shops, shop
D:7:      temple_statues, serial_shops, nicolae_shop_crystal,
          nicolae_shop_statue_plus, nicolae_shop_behind_doors, uniq_menkaure,
          uniq_duvessa, uniq_edmund
D:8:      nicolae_ru_great_annihilating_truth, grunt_temple_overflow_open,
          uniq_maurice, uniq_erolcha
D:9:      grunt_temple_overflow_gold_and_silver
